 Dungeon Crawl Stone Soup version 0.24.0-1-gfbc8707 (webtiles) character file.

Game seed: 4913768353474011431, levelgen mode: deterministic

635901 TheDoctor the Ruinous (level 26, -23/164 HPs)
             Began as a Deep Elf Fire Elementalist on Nov 5, 2019.
             Was the Champion of Vehumet.
             Annihilated by a purple draconian
             ... wielding a +2 trident of piercing
              (29 damage)
             ... on level 2 of the Realm of Zot on Nov 6, 2019.
             The game lasted 05:26:58 (105525 turns).

TheDoctor the Ruinous (DEFE)                      Turns: 105525, Time: 05:26:59

Health: -23/164    AC: 13    Str:  5    XL:     26   Next: 92%
Magic:  20/49      EV: 20    Int: 39    God:    Vehumet [******]
Gold:   5111       SH: 18    Dex: 14    Spells: 6/65 levels left

rFire    + . .     SeeInvis +   l - staff of energy
rCold    + + +     Gourm    .   T - +2 shield {rC+ rF+}
rNeg     + + .     Faith    .   J - +1 leather armour of Hudow {rN+ MR+}
rPois    +         Spirit   .   q - +2 helmet {SInv}
rElec    +         Reflect  +   I - +0 cloak "Qookhouj" {rElec rPois Dex-3} (curse)
rCorr    +         Harm     .   j - +0 pair of gloves of Restlessness {+Blink rC+ rCorr Dex+2}
MR       ++++.                  v - +0 pair of boots
Stlth    +++.......             g - amulet "Ytegg" {Reflect Int+3 SH+4}
HPRegen  0.37/turn              P - ring of protection from cold
MPRegen  0.31/turn              E - ring of the Country {rN+ Int+3}

@: berserk cooldown, hasted and slowed
A: magic resistance 1
}: 4/15 runes: serpentine, barnacled, slimy, silver
a: Renounce Religion, Evoke Blink


You were on level 2 of the Realm of Zot.
You worshipped Vehumet.
Vehumet was exalted by your worship.
You were full.

You visited 12 branches of the dungeon, and saw 53 of its levels.
You visited 1 bazaar.
You also visited: Gauntlet and Ice Cave.

You collected 6786 gold pieces.
You spent 1675 gold pieces at shops.

Inventory:

Hand Weapons
 r - the +7 sceptre of Torment {pain, torment}
   (You found it on level 3 of the Depths)

   In the hands of one skilled in necromantic magic, it inflicts extra damage on
   living creatures.
Armour
 j - the +0 pair of gloves of Restlessness (worn) {+Blink rC+ rCorr Dex+2}
   (You acquired it on level 5 of the Depths)

   It affects your dexterity (+2).
   It protects you from cold.
   It lets you blink.
   It provides partial protection from all sources of acid and corrosion.
 q - a +2 helmet of see invisible (worn)
 v - a +0 pair of boots (worn)
 D - a +2 helmet of intelligence
 I - the cursed +0 cloak "Qookhouj" (worn) {rElec rPois Dex-3}
   (You found it on level 5 of the Pits of Slime)

   It affects your dexterity (-3).
   It insulates you from electricity.
   It protects you from poison.
   It has a curse placed upon it.
 J - the +1 leather armour of Hudow (worn) {rN+ MR+}
   (You bought it in a shop on level 5 of the Depths)

   It protects you from negative energy.
   It affects your resistance to hostile enchantments.
 T - a +2 shield of resistance (worn)
Magical Staves
 a - an uncursed staff of power
 l - an uncursed staff of energy (weapon)
Jewellery
 g - the amulet "Ytegg" (around neck) {Reflect Int+3 SH+4}
   (You took it off a deep elf high priest on level 3 of the Elven Halls)

   [amulet of reflection]

   It shields you and reflects attacks.
   It affects your intelligence (+3).
   It affects your SH (+4).
 u - an uncursed ring of positive energy
 x - an uncursed ring of protection from magic
 E - the ring of the Country (right hand) {rN+ Int+3}
   (You found it on level 4 of the Shoals)

   [ring of positive energy]

   It affects your intelligence (+3).
   It protects you from negative energy.
 P - a ring of protection from cold (left hand)
 U - the ring of Atzoy {rF+ MR+}
   (You took it off a deep elf sorcerer on level 3 of the Elven Halls)

   [ring of protection from magic]

   It protects you from fire.
   It affects your resistance to hostile enchantments.
 Z - the amulet "Ysoq" {RegenMP rF++ Str-3}
   (You found it on level 5 of the Pits of Slime)

   [amulet of magic regeneration]

   It increases your magic regeneration.
   It affects your strength (-3).
   It greatly protects you from fire.
Wands
 s - a wand of acid (14)
 z - a wand of iceblast (47)
 Y - a wand of digging (15)
Scrolls
 b - 14 scrolls of remove curse
 e - 14 scrolls of identify
 f - 8 scrolls of immolation
 h - 13 scrolls of magic mapping
 m - 3 scrolls of fog
 n - 4 scrolls of fear
 o - 13 scrolls of teleportation
 p - a scroll of blinking
 w - a scroll of summoning
 y - 2 scrolls of holy word
 O - 9 scrolls of silence
Potions
 i - 4 potions of curing
 A - a potion of ambrosia
 L - 4 potions of lignification
 M - 9 potions of brilliance
 N - 2 potions of resistance
 Q - 5 potions of agility
 R - a potion of haste
 V - 2 potions of cancellation
Comestibles
 c - 38 rations


   Skills:
 + Level 16.7 Fighting
 - Level 10.4 Armour
 - Level 15.2 Dodging
 - Level 5.0 Stealth
 - Level 15.4 Shields
 - Level 20.0 Spellcasting
 - Level 24.0 Conjurations
 - Level 8.1 Charms
 - Level 20.0 Fire Magic
 + Level 15.4 Ice Magic
 - Level 8.0 Air Magic
 - Level 9.0 Earth Magic
 - Level 8.5 Poison Magic
 + Level 2.3 Evocations


You had 6 spell levels left.
You knew the following spells:

 Your Spells              Type           Power        Failure   Level  Hunger
a - Fire Storm            Conj/Fire      ########..   3%          9    None
b - Glaciate              Conj/Ice       ########..   9%          9    None
c - Poison Arrow          Conj/Pois      ########..   1%          6    None
d - Sticky Flame          Conj/Fire      ########     0%          4    None
e - Iron Shot             Conj/Erth      ########..   1%          6    None
f - Fireball              Conj/Fire      ########..   0%          5    None
g - Iskenderun's Mystic   Conj           ########     0%          4    None
h - Bolt of Cold          Conj/Ice       ########..   1%          6    None
i - Deflect Missiles      Chrm/Air       #######...   5%          6    None
o - Olgreb's Toxic Radia  Pois           #######.     1%          4    None

Your spell library contained the following spells:

 Spells                   Type           Power        Failure   Level  Hunger
 Lehudib's Crystal Spear  Conj/Erth      ########..   2%          8    None
 Shatter                  Erth           #######...   99%         9    None
 Flame Tongue             Conj/Fire      #####        0%          1    None
 Freeze                   Ice            ####         0%          1    None
 Magic Dart               Conj           ####         0%          1    None
 Sting                    Conj/Pois      ####         0%          1    None
 Searing Ray              Conj           ######       0%          2    None
 Throw Flame              Conj/Fire      ######       0%          2    None
 Throw Frost              Conj/Ice       ######       0%          2    None
 Conjure Flame            Conj/Fire      ########     0%          3    None
 Dazzling Spray           Conj/Hex       ######       0%          3    None
 Mephitic Cloud           Conj/Pois/Air  #######.     0%          3    None
 Stone Arrow              Conj/Erth      ######       0%          3    None
 Throw Icicle             Conj/Ice       ########     0%          4    None
 Bolt of Magma            Conj/Fire/Erth ########..   0%          5    None
 Bolt of Fire             Conj/Fire      ########..   0%          6    None
 Animate Skeleton         Necr           N/A          1%          1    None
 Apportation              Tloc           #####.       1%          1    None
 Beastly Appendage        Tmut           #####.       1%          1    None
 Confusing Touch          Hex            #####.       1%          1    None
 Corona                   Hex            #####..      1%          1    None
 Pain                     Necr           ####         1%          1    None
 Sandblast                Erth           ######       1%          1    None
 Summon Butterflies       Summ           #####...     1%          1    None
 Summon Small Mammal      Summ           ####         1%          1    None
 Call Imp                 Summ           #####...     1%          2    None
 Corpse Rot               Necr           N/A          1%          2    None
 Passwall                 Tmut/Erth      ######..     1%          2    None
 Poisonous Vapours        Pois/Air       ######       1%          2    None
 Slow                     Hex            #####...     1%          2    None
 Sticks to Snakes         Tmut           #####...     1%          2    None
 Inner Flame              Hex/Fire       #######.     1%          3    None
 Ozocubu's Armour         Chrm/Ice       #######.     1%          3    None
 Regeneration             Chrm/Necr      ######....   1%          3    None
 Spider Form              Tmut/Pois      ######....   1%          3    None
 Force Lance              Conj/Tloc      #######.     1%          4    None
 Fulminant Prism          Conj/Hex       #######...   1%          4    None
 Ice Form                 Ice/Tmut       #######.     1%          4    None
 Leda's Liquefaction      Hex/Erth       ######....   1%          4    None
 Petrify                  Tmut/Erth      ######..     1%          4    None
 Summon Ice Beast         Ice/Summ       #######.     1%          4    None
 Summon Lightning Spire   Summ/Air       ######..     1%          4    None
 Lee's Rapid Deconstruct  Erth           #######...   1%          5    None
 Metabolic Englaciation   Hex/Ice        #######...   1%          5    None
 Venom Bolt               Conj/Pois      ########..   1%          5    None
 Conjure Ball Lightning   Conj/Air       ########..   1%          6    None
 Freezing Cloud           Conj/Ice/Air   ########..   1%          6    None
 Ozocubu's Refrigeration  Ice            ########..   1%          6    None
 Call Canine Familiar     Summ           #####...     3%          3    None
 Gell's Gravitas          Tloc           #####.....   3%          3    None
 Portal Projectile        Hex/Tloc       #####.       3%          3    None
 Recall                   Summ/Tloc      N/A          3%          3    None
 Summon Guardian Golem    Hex/Summ       #####...     3%          3    None
 Vampiric Draining        Necr           #####.....   3%          3    None
 Borgnjor's Vile Clutch   Necr/Erth      ######....   4%          5    None
 Silence                  Hex/Air        ######....   5%          5    None
 Simulacrum               Ice/Necr       #######...   6%          6    None
 Yara's Violent Unravell  Hex/Tmut       #####.....   7%          5    None
 Animate Dead             Necr           N/A          10%         4    None
 Cause Fear               Hex            #####.....   10%         4    None
 Blade Hands              Tmut           #####.....   26%         5    None
 Summon Forest            Summ/Tloc      #####.....   26%         5    None
 Summon Mana Viper        Hex/Summ       #####...     26%         5    None
 Death Channel            Necr           #####.....   83%         6    None
 Dispersal                Tloc           #####.....   83%         6    None
 Hydra Form               Tmut           #####.....   83%         6    None
 Ring of Flames           Chrm/Fire      #######...   2%          7    None
 Chain Lightning          Conj/Air       ########..   2%          8    None
 Dragon Form              Tmut           #####.....   100%        7    None
 Malign Gateway           Summ/Tloc      #####.....   100%        7    None
 Monstrous Menagerie      Summ           #####.....   100%        7    None
 Summon Greater Demon     Summ           #####.....   100%        7    None
 Summon Hydra             Summ           #####.....   100%        7    None
 Controlled Blink         Tloc           N/A          100%        8    None
 Discord                  Hex            #####.....   100%        8    None
 Disjunction              Tloc           #####.....   100%        8    None
 Summon Horrible Things   Summ           #####.....   100%        8    None
 Dragon's Call            Summ           #####.....   100%        9    None
 Tornado                  Air            #######...   100%        9    None


Dungeon Overview and Level Annotations

Branches:
Dungeon (15/15)            Temple (1/1) D:4            Lair (6/6) D:9
 Shoals (4/4) Lair:2        Snake (4/4) Lair:3        Slime (5/5) Lair:6
    Orc (2/2) D:12            Elf (3/3) Orc:2        Vaults (5/5) D:13
  Crypt (1/3) Vaults:2     Depths (5/5) D:15            Zot (2/5) Depths:5
  IceCv (visited)         Gauntlet (visited)

Altars:
Ashenzari
Cheibriados
Dithmenos
Elyvilon
Fedhas
Gozag
Hepliaklqana
Kikubaaqudgha
Makhleb
Nemelex Xobeh
Okawaru
Qazlal
Ru
Sif Muna
Trog
Uskayaw
Vehumet
Wu Jian
Xom
Yredelemnul
Zin
The Shining One
Beogh
Jiyva

Shops:
Orc:1 =   Orc:2 =??*   Elf:1 ?   Snake:2 ==}   Vaults:2 *   Vaults:3 [
Depths:5 =[

Portals:
Hell: Depths:1 Depths:2 Depths:3 Depths:4 Depths:5
Abyss: Depths:1 Depths:4
Pandemonium: Depths:1 Depths:3
Ziggurat: Depths:5
Trove: Vaults:3 (give 5 potions of resistance)

Annotations:
Elf:2 3 runed translucent doors


Innate Abilities, Weirdness & Mutations

You are resistant to hostile enchantments. (MR+)


Message History

The storm dragon is severely wounded.
The great icy blast engulfs the death cob!!
The death cob partially resists.
The death cob is moderately damaged.
The death cob is flash-frozen.
You hear a deafening roar!
You hear a chilling moan.
You block the death cob's attack.
The purple draconian is engulfed in freezing vapours.
The purple draconian seems to slow down.
The purple draconian closely misses you.
You block the death cob's attack.
The storm dragon is engulfed in freezing vapours. x2
The storm dragon breathes lightning at you.
The bolt of lightning hits the death cob shaped block of ice!!
The death cob shaped block of ice is destroyed!
The bolt of lightning hits you. You resist.
* * * LOW HITPOINT WARNING * * *
You block the death cob's attack.
The purple draconian hits you with a +2 trident of piercing!!
You die...

#....# ##### #....##
#...## ###.....##
#....## #........#
#....§###....v....
#..§§§§..........
######§§8D☼.##...D.D.
#...zd§§§z○..........
#$..@§§§§D§8...v$.v..
#....D§§§§§=....8....
#.....§§§§☼.#...##...
#...)..§§☼###...###..
#.....##☼§# #...# #.
#......#.§# ##### #
...........#
####.......#


You could see an electric golem, a shadow dragon, 2 storm dragons, a purple
draconian (berserk) and 2 death cobs.

Vanquished Creatures
  the Royal Jelly (Slime:5)
  A juggernaut (Depths:3)
  3 ancient liches
  3 greater mummies (Depths:3)
  Vashnia (Snake:4)
  Margery (Depths:4)
  A caustic shrike (shapeshifter) (Depths:2)
  A golden dragon (shapeshifter) (Depths:2)
  Nikola (Vaults:1)
  5 golden dragons
  Jory (Vaults:5)
  A bone dragon (Depths:5)
  4 electric golems (Zot:1)
  7 tentacled monstrosities
  An Ice Fiend (IceCv)
  Rupert (Lair:6)
  A deep elf blademaster (Elf:3)
  Asterion (Elf:3)
  2 liches
  2 deep elf master archers (Elf:3)
  Polyphemus (Shoals:4)
  3 quicksilver dragons
  15 titans
  Frances (Elf:1)
  4 sphinxes
  38 acid blobs
  Agnes (D:14)
  A storm dragon (shapeshifter) (Depths:2)
  Kirke (Lair:6)
  18 storm dragons
  4 death cobs (Zot:2)
  6 tengu reavers
  8 shadow dragons
  2 draconian monks
  13 nagarajas
  Ilsuiw (Shoals:3)
  A revenant (Vaults:2)
  11 fire giants
  A fire giant (shapeshifter) (Depths:2)
  18 azure jellies
  12 vault wardens
  An iron dragon (Vaults:5)
  10 deep elf sorcerers
  Aizul (Shoals:4)
  9 frost giants
  A draconian knight (Zot:1)
  A balrug (Depths:5)
  4 draconian scorchers
  Louise (Elf:1)
  2 ghost moths
  2 angels (Elf:1)
  6 deep elf elementalists
  A draconian shifter (Zot:1)
  2 draconian stormcallers (Zot:1)
  4 draconian annihilators
  18 stone giants
  22 ironheart preservers
  6 very ugly things
  5 green draconians
  An entropy weaver (Vaults:2)
  2 vampire knights
  8 deep elf demonologists
  8 deep elf annihilators
  A black draconian (Zot:1)
  3 yellow draconians
  2 lorocyprocas (Depths:2)
  3 red draconians (Zot:1)
  6 purple draconians
  A white draconian (Depths:5)
  A minotaur (Gauntlet)
  5 spark wasps
  An ettin (shapeshifter) (Depths:2)
  8 ettins
  Snorg (Orc:2)
  8 deep elf death magi
  6 fire dragons
  11 merfolk javelineers
  8 deep elf high priests
  8 death oozes
  A fire dragon (shapeshifter) (Vaults:2)
  17 yaktaur captains
  8 merfolk impalers
  Josephine (Orc:2)
  2 mummy priests (Depths:3)
  9 great orbs of eyes
  6 hydras
  31 vault guards
  3 rakshasas
  A monstrous demonspawn (Depths:3)
  Erolcha (Orc:1)
  6 ice dragons
  4 catoblepae
  7 spriggan air magi
  2 juggernaut simulacra (Depths:2)
  13 naga warriors
  10 centaur warriors
  2 merfolk avatars (Shoals:4)
  9 anacondas
  An alligator snapping turtle (Shoals:4)
  6 satyrs
  6 merfolk aquamancers
  49 two-headed ogres
  A tengu warrior (Depths:5)
  11 death yaks
  9 deep troll shamans
  3 death knights
  16 ogre magi
  A queen ant (shapeshifter) (Depths:2)
  18 dancing weapons
  6 shock serpents
  20 naga sharpshooters
  4 spriggan berserkers
  26 deep elf knights
  3 deep troll earth magi
  2 orc high priests
  3 sun demons
  9 skeletal warriors
  20 hell knights
  6 iron trolls
  2 salamander mystics (Snake:3)
  3 unseen horrors
  A shadow demon (Depths:3)
  4 sea snakes
  A deep troll (shapeshifter) (Depths:2)
  22 deep trolls
  11 wizards
  A lindwurm (shapeshifter) (Vaults:5)
  4 flayed ghosts
  4 phantasmal warriors
  20 ironbrand convokers
  11 naga ritualists
  11 deep elf archers
  14 harpies
  57 deep elf magi
  Pikel (D:4)
  2 orc knights
  A harpy (shapeshifter) (Vaults:3)
  6 wolf spiders
  2 oklob plants
  5 necromancers
  A shining eye (shapeshifter) (Vaults:2)
  16 ugly things
  9 shining eyes
  An orb spider (shapeshifter) (Vaults:5)
  A shadow dragon skeleton (Vaults:5)
  10 mana vipers
  An elephant (shapeshifter) (Vaults:3)
  20 manticores
  6 orc sorcerers
  11 cyclopes
  14 salamanders
  A cyclops (shapeshifter) (Vaults:5)
  12 fauns
  12 merfolk sirens
  2 centaur zombies (D:15)
  16 moths of wrath
  A black mamba (shapeshifter) (Vaults:3)
  5 elephants (Lair:5)
  A manticore (shapeshifter) (Depths:3)
  Joseph (D:15)
  A smoke demon (Gauntlet)
  17 vault sentinels
  A guardian serpent (shapeshifter) (Vaults:4)
  25 naga magi
  A spiny frog (shapeshifter) (Depths:1)
  6 water nymphs
  26 black mambas
  A torpor snail (Lair:5)
  2 eyes of devastation
  14 spiny frogs
  3 gargoyles (Depths:4)
  5 guardian serpents
  9 komodo dragons
  11 freezing wraiths
  5 rime drakes
  3 anaconda simulacra (IceCv)
  3 kobold demonologists
  71 yaktaurs
  A guardian mummy (Vaults:3)
  A yaktaur skeleton (Vaults:5)
  A golden dragon simulacrum (IceCv)
  A red devil (Gauntlet)
  A queen bee (shapeshifter) (Vaults:4)
  46 merfolk
  6 ice devils (IceCv)
  9 wind drakes
  6 meliai (D:14)
  6 trolls
  7 polar bears
  2 tengu conjurers
  A hornet (shapeshifter) (Vaults:4)
  A queen bee (D:14)
  2 hornets
  135 slime creatures
  2 wolf spider simulacra
  5 snapping turtles
  6 dream sheep
  14 hippogriffs
  6 blink frogs
  A shadow (D:12)
  4 air elementals
  3 dire elephant simulacra (IceCv)
  A centaur simulacrum (D:12)
  9 wraiths
  10 wyverns
  16 water elementals
  5 hogs (Lair:6)
  An ettin skeleton (Vaults:5)
  A redback (shapeshifter) (Elf:2)
  2 fire elementals (Elf:1)
  47 yaks
  2 basilisks (shapeshifter)
  A hog (shapeshifter) (Elf:2)
  20 golden eyes
  A human simulacrum (Vaults:5)
  9 vampire mosquitoes
  2 hungry ghosts
  8 basilisks
  2 death yak simulacra (IceCv)
  2 yaktaur simulacra (Vaults:2)
  2 harpy simulacra (IceCv)
  3 wargs
  14 two-headed ogre zombies (Orc:1)
  A neqoxec (Depths:3)
  An iron troll simulacrum (IceCv)
  38 nagas
  5 acid dragons
  2 swamp worms (Gauntlet)
  A hell hound (Lair:5)
  13 water moccasins
  11 porcupines
  4 hydra simulacra (IceCv)
  2 ice beasts
  10 black bears
  A hornet zombie (D:13)
  3 sky beasts
  31 orc warriors
  A slave (D:4)
  An ettin simulacrum (IceCv)
  10 eyes of draining
  A phantom (D:12)
  8 wolves (Lair:1)
  A necrophage (D:7)
  63 ogres
  6 boggarts
  A wolf (shapeshifter) (Depths:2)
  25 centaurs
  14 crocodiles
  12 big kobolds
  19 bullfrogs
  A gnoll sergeant (D:5)
  A wyvern zombie (D:13)
  2 earth elementals (Depths:4)
  A wyvern skeleton (D:13)
  3 scorpions
  16 killer bees
  6 howler monkeys
  19 wights
  3 electric eels
  11 crimson imps
  2 draconian simulacra (IceCv)
  3 hounds
  2 quasits
  3 bullfrog zombies
  3 jellies
  19 orc priests
  8 centaur skeletons
  24 orc wizards
  4 bullfrog skeletons
  An iguana (D:9)
  2 troll simulacra (IceCv)
  11 worker ants
  2 wolf simulacra (IceCv)
  2 bullfrog simulacra (D:12)
  3 hound zombies
  2 hound skeletons
  12 gnolls
  A howler monkey skeleton (D:4)
  5 adders
  A naga simulacrum (IceCv)
  4 shadow imps
  13 white imps
  9 ufetubi
  5 oozes
  An adder zombie (D:7)
  2 adder skeletons
  A worm (D:3)
  2 dart slugs
  10 leopard geckos
  108 orcs
  2 ball pythons
  8 bats
  5 giant cockroaches
  11 goblins
  7 hobgoblins
  13 jackals
  A quokka (D:7)
  3 frilled lizards
  45 kobolds
  2 quokka skeletons
  5 rats
  A butterfly (Lair:1)
  4 crawling corpses (Vaults:5)
  A fire vortex (Zot:2)
  A fungus (Lair:6)
  21 plants
2436 creatures vanquished.

Vanquished Creatures (collateral kills)
  A tentacled monstrosity (Vaults:5)
  An acid blob (Slime:5)
  A storm dragon (Depths:2)
  An azure jelly (shapeshifter) (Depths:2)
  A vault warden (Vaults:5)
  A frost giant (Depths:5)
  A war gargoyle (Depths:2)
  A very ugly thing (Depths:5)
  A vault guard (Vaults:5)
  A death knight (Vaults:5)
  A freezing wraith (Vaults:5)
11 creatures vanquished.

Vanquished Creatures (others)
  A deep elf knight (Vaults:5)
  A howler monkey skeleton (D:4)
  2 blocks of ice (Zot:2)
  170 fire vortices
  13 fungi
  34 plants
221 creatures vanquished.

Grand Total: 2668 creatures vanquished

Notes
Turn   | Place    | Note
-------+----------+-------------------------------------------
     0 | D:1      | TheDoctor the Deep Elf Fire Elementalist began the quest
                  | for the Orb.
     0 | D:1      | Reached XP level 1. HP: 10/10 MP: 6/6
   333 | D:1      | Reached XP level 2. HP: 11/15 MP: 6/8
   485 | D:1      | Reached skill level 2 in Conjurations
   485 | D:1      | Reached XP level 3. HP: 19/19 MP: 2/10
  1231 | D:2      | Reached XP level 4. HP: 19/24 MP: 7/12
  1755 | D:2      | Learned a level 2 spell: Throw Flame
  1759 | D:2      | Learned a level 3 spell: Conjure Flame
  1764 | D:2      | Learned a level 4 spell: Sticky Flame
  1964 | D:2      | Reached skill level 3 in Conjurations
  1999 | D:2      | Reached XP level 5. HP: 26/28 MP: 8/14
  2478 | D:4      | Reached skill level 5 in Spellcasting
  2529 | D:4      | Noticed an ogre
  2822 | D:4      | Noticed a slave
  2836 | D:4      | Killed a slave
  2840 | D:4      | Reached skill level 5 in Fire Magic
  3033 | D:4      | Reached XP level 6. HP: 32/32 MP: 8/16
  3074 | D:4      | Reached skill level 4 in Conjurations
  3265 | D:4      | Noticed Pikel
  3265 | D:4      | Noticed a slave
  3283 | D:4      | Noticed a slave
  3283 | D:4      | Noticed a slave
  3402 | D:4      | Killed Pikel
  3402 | D:4      | Reached skill level 5 in Conjurations
  3402 | D:4      | Reached XP level 7. HP: 28/36 MP: 2/19
  3616 | D:4      | Found a staircase to the Ecumenical Temple.
  3642 | Temple   | Entered the Ecumenical Temple
  3801 | Temple   | Became a worshipper of Vehumet
  4055 | D:5      | Entered Level 5 of the Dungeon
  4105 | D:5      | Learned a level 5 spell: Fireball
  4181 | D:5      | Reached skill level 6 in Conjurations
  4181 | D:5      | Reached XP level 8. HP: 33/41 MP: 12/21
  4817 | D:6      | Reached * piety under Vehumet
  4817 | D:6      | Offered knowledge of Magic Dart by Vehumet.
  4992 | D:5      | Reached skill level 7 in Conjurations
  5334 | D:6      | Found a radiant altar of Vehumet.
  5375 | D:6      | Noticed a manticore
  5407 | D:6      | HP: 1/42 [manticore (5)]
  5408 | D:6      | Killed a manticore
  5408 | D:6      | Reached skill level 1 in Fighting
  5408 | D:6      | Reached XP level 9. HP: 2/48 MP: 8/24
  6008 | D:6      | Reached skill level 8 in Conjurations
  6644 | D:7      | Reached skill level 5 in Dodging
  7243 | D:7      | Reached ** piety under Vehumet
  7243 | D:7      | Offered knowledge of Sting by Vehumet.
  7807 | D:8      | Reached XP level 10. HP: 58/58 MP: 20/25
  7984 | D:8      | Reached skill level 5 in Fighting
  8357 | D:8      | Offered knowledge of Static Discharge by Vehumet.
  8542 | D:8      | Found a hazy altar of Hepliaklqana.
  8543 | D:8      | Found a sacrificial altar of Ru.
  8545 | D:8      | Found a shimmering altar of Xom.
  8545 | D:8      | Found a shadowy altar of Dithmenos.
  8749 | D:8      | Reached *** piety under Vehumet
  9432 | D:9      | Offered knowledge of Iskenderun's Mystic Blast by Vehumet.
  9809 | D:9      | Found a staircase to the Lair.
 10200 | D:10     | Entered Level 10 of the Dungeon
 10218 | D:10     | Found a roughly hewn altar of Beogh.
 10220 | D:10     | Reached **** piety under Vehumet
 10299 | D:10     | Offered knowledge of Olgreb's Toxic Radiance by Vehumet.
 10411 | D:10     | Learned a level 4 spell: Olgreb's Toxic Radiance
 10681 | D:10     | Reached skill level 10 in Dodging
 10933 | D:10     | Noticed an unseen horror
 10936 | D:10     | Killed an unseen horror
 10936 | D:10     | Reached XP level 11. HP: 63/67 MP: 8/26
 11084 | D:11     | Found a shimmering blue altar of Sif Muna.
 11119 | D:11     | Reached skill level 1 in Poison Magic
 11560 | D:11     | Noticed a two-headed ogre
 11642 | D:11     | Killed a two-headed ogre
 11878 | D:11     | Reached ***** piety under Vehumet
 12219 | D:12     | Offered knowledge of Airstrike by Vehumet.
 12351 | D:12     | Reached skill level 5 in Poison Magic
 12507 | D:12     | Found a gate leading to a gauntlet.
 12582 | Gauntlet | Entered a Gauntlet
 12582 | Gauntlet | Found a transporter.
 12582 | Gauntlet | Found a transporter.
 12582 | Gauntlet | Noticed a wretched star
 12591 | Gauntlet | Found a transporter.
 12600 | Gauntlet | Noticed a wizard
 12601 | Gauntlet | Found a transporter.
 12616 | Gauntlet | Found a transporter.
 12628 | Gauntlet | Found a transporter.
 12641 | Gauntlet | Found a transporter.
 12644 | Gauntlet | Found a transporter.
 12652 | Gauntlet | Noticed an oklob plant
 12661 | Gauntlet | Found a transporter.
 12680 | Gauntlet | Found a transporter.
 12682 | Gauntlet | Found a transporter.
 12725 | Gauntlet | Found a transporter.
 12756 | Gauntlet | Learned a level 4 spell: Iskenderun's Mystic Blast
 12792 | Gauntlet | Got a scorched iron amulet
 12978 | Gauntlet | Killed a wizard
 13699 | Gauntlet | Killed an oklob plant
 13828 | Gauntlet | Noticed a minotaur
 13838 | Gauntlet | Killed a minotaur
 14089 | Gauntlet | Got a faintly humming scale mail
 14160 | D:12     | Identified the amulet "Otolidamm" {Acrobat *Drain rElec
                  | MR+++ Stlth-} (You found it in a Gauntlet)
 14558 | D:12     | Reached XP level 12. HP: 74/76 MP: 13/27
 14620 | D:12     | Offered knowledge of Throw Icicle by Vehumet.
 15045 | D:12     | Found a staircase to the Orcish Mines.
 15350 | D:12     | Reached skill level 10 in Fighting
 15574 | D:12     | Reached skill level 1 in Shields
 16385 | Lair:1   | Entered Level 1 of the Lair of Beasts
 16978 | Lair:1   | Reached skill level 10 in Spellcasting
 17307 | Lair:1   | Noticed a five-headed hydra
 17313 | Lair:1   | Killed a five-headed hydra
 18297 | Lair:2   | Found a staircase to the Shoals.
 18647 | Lair:2   | Identified the +5 scale mail "Eliawk" {Regen+} (You found
                  | it in a Gauntlet)
 19294 | Lair:3   | Noticed a five-headed hydra
 19297 | Lair:3   | Killed a five-headed hydra
 19298 | Lair:3   | Noticed an eight-headed hydra
 19310 | Lair:3   | Killed an eight-headed hydra
 19572 | Lair:3   | Found a staircase to the Snake Pit.
 19638 | Lair:3   | Reached XP level 13. HP: 82/82 MP: 26/31
 19873 | Lair:3   | Offered knowledge of Bolt of Magma by Vehumet.
 21146 | Lair:5   | Identified Qymial's Compendium of Clay
 21451 | Lair:5   | Reached skill level 5 in Stealth
 21453 | Lair:5   | Reached skill level 9 in Conjurations
 21619 | Lair:5   | Reached skill level 10 in Conjurations
 21871 | Lair:5   | Offered knowledge of Bolt of Fire by Vehumet.
 22148 | Lair:5   | Reached skill level 11 in Conjurations
 22817 | Lair:5   | Reached skill level 12 in Conjurations
 22970 | Lair:6   | Entered Level 6 of the Lair of Beasts
 23441 | Lair:6   | Reached XP level 14. HP: 86/88 MP: 11/34
 23897 | Lair:6   | Noticed Kirke
 24068 | Lair:6   | Found a staircase to the Slime Pits.
 24807 | Lair:6   | Noticed Rupert
 24814 | Lair:6   | Paralysed by Rupert for 5 turns
 24822 | Lair:6   | Killed Rupert
 25942 | Lair:6   | Killed Kirke
 26673 | D:13     | Offered knowledge of Iron Shot by Vehumet.
 28164 | D:13     | You fall into a shaft and drop 1 floor!
 28663 | D:14     | Noticed Agnes
 28668 | D:14     | Killed Agnes
 29058 | D:14     | Reached XP level 15. HP: 84/100 MP: 29/35
 29212 | D:15     | Entered Level 15 of the Dungeon
 29285 | D:15     | Noticed a fire giant
 30133 | D:13     | Found a gate to the Vaults.
 30181 | D:13     | Learned a level 6 spell: Iron Shot
 30223 | Orc:1    | Entered Level 1 of the Orcish Mines
 30250 | Orc:1    | Reached ****** piety under Vehumet
 30313 | Orc:1    | Offered knowledge of Freezing Cloud by Vehumet.
 30898 | Orc:2    | Entered Level 2 of the Orcish Mines
 30898 | Orc:2    | Noticed Josephine
 30902 | Orc:2    | Killed Josephine
 31244 | Orc:1    | Found Lumo's Jewellery Emporium.
 31504 | Orc:2    | Noticed Snorg
 31875 | Orc:1    | Noticed Erolcha
 31888 | Orc:1    | Killed Erolcha
 31908 | Orc:1    | Offered knowledge of Bolt of Cold by Vehumet.
 31917 | Orc:1    | Learned a level 6 spell: Bolt of Cold
 32299 | Orc:2    | Killed Snorg
 32608 | Orc:2    | Reached skill level 15 in Fighting
 32647 | Orc:2    | Reached skill level 1 in Earth Magic
 32951 | Orc:2    | Reached skill level 5 in Earth Magic
 33325 | Orc:2    | Paralysed by an orc sorcerer for 7 turns
 33513 | Orc:2    | Found a staircase to the Elven Halls.
 33648 | Orc:2    | Found Oczor's Magic Scroll Emporium.
 33648 | Orc:2    | Found Paverim's Jewellery Boutique.
 33648 | Orc:2    | Found Paogiom's Assorted Antiques.
 33648 | Orc:2    | Found Reubb's Magic Scroll Emporium.
 34312 | Orc:2    | Bought a scroll of identify for 24 gold pieces
 34312 | Orc:2    | Bought a scroll of identify for 24 gold pieces
 34312 | Orc:2    | Bought a scroll of identify for 24 gold pieces
 34312 | Orc:2    | Bought a scroll of identify for 24 gold pieces
 34320 | Orc:2    | Bought a scroll of fear for 63 gold pieces
 34321 | Orc:2    | Bought a scroll of blinking for 217 gold pieces
 34653 | Snake:1  | Entered Level 1 of the Snake Pit
 34662 | Snake:1  | Offered knowledge of Lehudib's Crystal Spear by Vehumet.
 34662 | Snake:1  | Offered knowledge of Fire Storm by Vehumet.
 34662 | Snake:1  | Offered knowledge of Shatter by Vehumet.
 35452 | Snake:1  | Reached skill level 1 in Ice Magic
 35623 | Snake:1  | Got a bloodstained great sword
 36379 | Snake:1  | Reached XP level 16. HP: 108/108 MP: 27/36
 36783 | Snake:2  | Found Kuprom's Gadget Boutique.
 36783 | Snake:2  | Found Nipt's Jewellery Emporium.
 36784 | Snake:2  | Found Akaj's Jewellery Emporium.
 37198 | Snake:2  | Reached skill level 5 in Ice Magic
 39818 | Snake:3  | Reached skill level 15 in Spellcasting
 42490 | Snake:4  | Entered Level 4 of the Snake Pit
 43888 | Snake:4  | Noticed Vashnia
 45448 | Snake:4  | Reached XP level 17. HP: 96/113 MP: 13/40
 49367 | Snake:4  | Got a serpentine rune of Zot
 50260 | Snake:4  | Killed Vashnia
 50260 | Snake:4  | Reached skill level 15 in Dodging
 50571 | Shoals:1 | Entered Level 1 of the Shoals
 51835 | Shoals:2 | Found a flickering gateway to a bazaar.
 51963 | Shoals:2 | Reached skill level 13 in Conjurations
 51971 | Bazaar   | Entered a bazaar
 52085 | Bazaar   | Found Piqeid's Antique Weapon Shoppe.
 52096 | Bazaar   | Found Veuvvel's Antique Weapon Emporium.
 52113 | Bazaar   | Found Loajog's Antique Armour Shoppe.
 52124 | Bazaar   | Found Luoleemni's Antique Armour Emporium.
 52129 | Bazaar   | Bought a pair of runed gloves for 195 gold pieces
 52547 | Shoals:2 | Reached XP level 18. HP: 48/119 MP: 3/42
 53583 | Shoals:2 | Reached skill level 14 in Conjurations
 53856 | Shoals:2 | Identified a scroll of acquirement
 54892 | Shoals:3 | Noticed Ilsuiw
 55527 | Shoals:3 | Killed Ilsuiw
 55527 | Shoals:3 | Reached skill level 15 in Conjurations
 56180 | Shoals:3 | Got an encrusted short sword
 56379 | Shoals:3 | Identified the cursed +1 short sword of the Doomed Warrior
                  | {pierce, rN++ Dex+2} (You found it on level 3 of the
                  | Shoals)
 56394 | Shoals:4 | Entered Level 4 of the Shoals
 56618 | Shoals:4 | Got a slimy golden ring
 56619 | Shoals:4 | Identified the ring of the Country {rN+ Int+3} (You found
                  | it on level 4 of the Shoals)
 56899 | Shoals:4 | Noticed Aizul
 56912 | Shoals:4 | Reached skill level 10 in Fire Magic
 57080 | Shoals:4 | Killed Aizul
 57250 | Shoals:4 | Got a bound wooden ring
 57290 | Shoals:4 | Identified the ring of Ujumealu {*Drain rElec Int+7 Stlth-}
                  | (You found it on level 4 of the Shoals)
 58336 | Shoals:4 | Got a spiked chain mail
 58370 | Shoals:4 | Got a barnacled rune of Zot
 58616 | Shoals:4 | Noticed Polyphemus
 58628 | Shoals:4 | Killed Polyphemus
 59429 | Lair:2   | Identified the +5 chain mail of the Iron City of Dis
                  | {Int+6} (You found it on level 4 of the Shoals)
 59906 | D:15     | Reached skill level 16 in Conjurations
 60481 | D:15     | Reached XP level 19. HP: 115/124 MP: 18/43
 60575 | D:15     | Found a staircase to the Depths.
 61180 | D:15     | Noticed Joseph
 61184 | D:15     | Killed Joseph
 61637 | Elf:1    | Entered Level 1 of the Elven Halls
 61648 | Elf:1    | Learned a level 9 spell: Fire Storm
 61672 | Elf:1    | Noticed Louise
 61825 | Elf:1    | Killed Louise
 62116 | Elf:1    | Found a glowing silver altar of Zin.
 62116 | Elf:1    | Found a white marble altar of Elyvilon.
 62116 | Elf:1    | Found a ruined gateway.
 62229 | Elf:1    | Reached skill level 17 in Conjurations
 62694 | Elf:1    | Found a glowing golden altar of the Shining One.
 62752 | Elf:1    | Noticed Frances
 62757 | Elf:1    | Killed Frances
 63199 | Elf:1    | Found an ancient bone altar of Kikubaaqudgha.
 63381 | Elf:1    | Identified the amulet of the Echidna {Harm *Drain rElec rC-
                  | rN++ Int+4}
 63624 | Elf:1    | Found Yhoesot's Magic Scroll Shop.
 63923 | Elf:2    | Found a frozen archway.
 63929 | IceCv    | Entered an ice cave
 65099 | IceCv    | Reached skill level 18 in Conjurations
 65303 | IceCv    | Identified the Compendium of Shifting Stolen Souls
 66154 | Elf:2    | Found a runed translucent gate.
 66155 | Elf:2    | Found a runed translucent gate.
 66156 | Elf:2    | Found a runed translucent gate.
 66484 | Elf:3    | Entered Level 3 of the Elven Halls
 67964 | Elf:3    | Noticed Asterion
 67976 | Elf:3    | Killed Asterion
 68242 | Elf:3    | Identified the ring of Xom's Vengeance {Ice *Drain Str+5
                  | Int+2 SInv}
 68267 | Elf:3    | Reached skill level 15 in Fire Magic
 68495 | Elf:3    | Reached XP level 20. HP: 129/129 MP: 33/44
 68496 | Elf:3    | Identified the cursed +1 long sword "Cepeqaed" {elec, MR-
                  | Str+5}
 69173 | Elf:3    | Identified the +8 flail "Biesogge" {flame, Dex+2}
 69173 | Elf:3    | Identified the ring of Atzoy {rF+ MR+}
 69182 | Elf:3    | Identified the +4 glaive "Secoiv" {chop, Dex+6}
 69182 | Elf:3    | Identified the amulet "Ytegg" {Reflect Int+3 SH+4}
 69386 | Elf:3    | Identified the +8 great sword "Verue" {slice, rElec MR+
                  | Dex+3}
 69878 | Elf:3    | Identified the Guide on Calling and the Rocks
 70497 | Vaults:1 | Entered Level 1 of the Vaults
 71684 | Vaults:1 | Noticed Nikola
 71704 | Vaults:1 | Killed Nikola
 73888 | Vaults:2 | Found a staircase to the Crypt.
 73902 | Vaults:2 | Found Ciesex's Assorted Antiques.
 73925 | Crypt:1  | Entered Level 1 of the Crypt
 74231 | Vaults:2 | Reached skill level 19 in Conjurations
 74358 | Vaults:2 | Reached XP level 21. HP: 134/134 MP: 13/45
 75351 | Vaults:3 | Found Cuopim's Antique Armour Shoppe.
 75642 | Vaults:3 | Reached skill level 20 in Conjurations
 76177 | Vaults:3 | Learned a level 6 spell: Deflect Missiles
 76211 | Vaults:3 | Found a portal to a secret trove of treasure.
 77111 | Depths:1 | Entered Level 1 of the Depths
 77565 | Slime:1  | Entered Level 1 of the Pits of Slime
 77574 | Lair:6   | Reached skill level 1 in Charms
 78043 | Slime:1  | Found a shimmering altar of Xom.
 78222 | Lair:6   | Reached skill level 5 in Charms
 79909 | Slime:3  | Gained mutation: Your magical capacity is low. (-10% MP) [a
                  | shining eye]
 80492 | Slime:2  | Reached skill level 1 in Air Magic
 80679 | Slime:3  | Gained mutation: You are dopey. (Int -2) [a shining eye]
 81719 | Slime:4  | Gained mutation: You are very dopey. (Int -4) [a shining
                  | eye]
 81720 | Slime:4  | Gained mutation: You tend to lose your temper in combat. [a
                  | shining eye]
 81721 | Slime:4  | Reached XP level 22. HP: 140/140 MP: 41/41
 82839 | Slime:4  | Reached skill level 5 in Air Magic
 83988 | Slime:5  | Entered Level 5 of the Pits of Slime
 84442 | Slime:5  | Found a viscous altar of Jiyva.
 84442 | Slime:5  | Noticed the Royal Jelly
 85109 | Slime:5  | Found the +2 ratskin cloak {+Rats rPois rN+ Str-1 Int-1
                  | Dex+1}
 85214 | Slime:5  | Killed the Royal Jelly
 85620 | Slime:5  | Got a slimy rune of Zot
 85639 | Slime:5  | Got a shimmering copper amulet
 85704 | Slime:5  | Identified the amulet "Ysoq" {RegenMP rF++ Str-3} (You
                  | found it on level 5 of the Pits of Slime)
 85711 | Slime:5  | Got a steaming cloak
 85712 | Slime:5  | Identified the cursed +0 cloak "Qookhouj" {rElec rPois
                  | Dex-3} (You found it on level 5 of the Pits of Slime)
 85746 | Slime:5  | Got a crystal falchion
 85747 | Slime:5  | Identified the cursed +1 falchion of Starshine {flame,
                  | rPois rN+ Stlth+} (You found it on level 5 of the Pits of
                  | Slime)
 86165 | Lair:2   | Lost mutation: Your magical capacity is low. (-10% MP)
                  | [potion of mutation]
 86165 | Lair:2   | Lost mutation: You tend to lose your temper in combat.
                  | [potion of mutation]
 86165 | Lair:2   | Gained mutation: You have a pair of small antennae on your
                  | head. [potion of mutation]
 86165 | Lair:2   | Gained mutation: You have a somewhat thin skeletal
                  | structure. (Dex +2, Stealth) [potion of mutation]
 86166 | Lair:2   | Lost mutation: You have a pair of small antennae on your
                  | head. [potion of mutation]
 86166 | Lair:2   | Lost mutation: You are very dopey. (Int -4) [potion of
                  | mutation]
 86166 | Lair:2   | Lost mutation: You are dopey. (Int -2) [potion of mutation]
 86166 | Lair:2   | Lost mutation: You have a somewhat thin skeletal structure.
                  | (Dex +2, Stealth) [potion of mutation]
 86166 | Lair:2   | Gained mutation: You are resistant to hostile enchantments.
                  | (MR+) [potion of mutation]
 86547 | Vaults:4 | Reached skill level 5 in Shields
 86581 | Vaults:4 | Noticed an ancient lich
 86590 | Vaults:4 | Killed an ancient lich
 87353 | Vaults:4 | Reached XP level 23. HP: 132/144 MP: 48/49
 87712 | Vaults:5 | Entered Level 5 of the Vaults
 87716 | Vaults:5 | Reached skill level 21 in Conjurations
 88064 | Vaults:5 | Noticed Jory
 88067 | Vaults:5 | Reached skill level 10 in Shields
 88069 | Vaults:5 | Noticed an ancient lich
 88436 | Vaults:5 | Killed Jory
 88643 | Vaults:5 | Identified the +9 chain mail "Hagod" {Dex+2 SInv}
 88659 | Vaults:5 | HP: 7/144 [storm dragon (11)]
 88709 | Vaults:5 | Reached skill level 22 in Conjurations
 88709 | Vaults:5 | HP: 6/144 [iron dragon/spray of metal splinters (37)]
 88734 | Vaults:5 | Noticed an ancient lich
 88805 | Vaults:5 | Killed an ancient lich
 88819 | Vaults:5 | Reached XP level 24. HP: 50/151 MP: 49/49
 88842 | Vaults:5 | Killed an ancient lich
 89114 | Vaults:5 | Reached skill level 23 in Conjurations
 89622 | Vaults:5 | Got a silver rune of Zot
 89936 | Vaults:5 | Identified the Catalogue of the Snowflakes
 90622 | D:13     | Learned a level 9 spell: Glaciate
 90802 | Depths:1 | Got a scorched spear
 90803 | Depths:1 | Identified the cursed +2 spear of Wyrd {antimagic, *Rage
                  | Str+8} (You found it on level 1 of the Depths)
 90824 | Depths:1 | Found a one-way gate to the infinite horrors of the Abyss.
 90971 | Depths:1 | Found a one-way gate leading to the halls of Pandemonium.
 91066 | Depths:1 | Found a gateway to Hell.
 93000 | Depths:2 | Reached skill level 24 in Conjurations
 93035 | Depths:2 | Reached XP level 25. HP: 69/159 MP: 18/49
 93073 | Depths:2 | HP: 3/159 [acid (9)]
 95031 | Depths:3 | Noticed a juggernaut
 95039 | Depths:3 | Killed a juggernaut
 95379 | Depths:3 | Reached skill level 10 in Ice Magic
 95904 | Depths:3 | Noticed a greater mummy
 95910 | Depths:3 | Killed a greater mummy
 96210 | Depths:3 | Noticed a greater mummy
 96216 | Depths:3 | Killed a greater mummy
 96265 | Depths:3 | Noticed a greater mummy
 96266 | Depths:3 | Found the +7 sceptre of Torment {pain, torment}
 96275 | Depths:3 | Killed a greater mummy
 96612 | Depths:4 | Noticed Margery
 97362 | Depths:3 | Reached skill level 15 in Shields
 97780 | Depths:4 | Killed Margery
 98437 | Depths:5 | Entered Level 5 of the Depths
 98468 | Depths:5 | Got a bloodstained falchion
 98469 | Depths:5 | Identified the +4 falchion of Zutics {freeze, Str+3} (You
                  | found it on level 5 of the Depths)
 98559 | Depths:5 | Found Decsa's Jewellery Emporium.
 98559 | Depths:5 | Found Requzuis's Armour Shoppe.
 98561 | Depths:5 | HP: 1/159 [acid (7)]
 98999 | Depths:5 | Bought the +1 scale mail of Ru's Hope {rC+ rCorr Int+6} for
                  | 700 gold pieces
 98999 | Depths:5 | Bought the +1 leather armour of Hudow {rN+ MR+} for 404
                  | gold pieces
 99063 | Depths:5 | Reached skill level 1 in Armour
 99273 | Depths:5 | Found a gateway to a ziggurat.
 99660 | Depths:5 | Reached XP level 26. HP: 130/164 MP: 33/49
 99896 | Depths:5 | Found a gate to the Realm of Zot.
100228 | Depths:5 | Reached skill level 5 in Armour
100671 | Depths:5 | Got a warped granite ring
100672 | Depths:5 | Identified the ring "Xetu" {Wiz +Blink} (You found it on
                  | level 5 of the Depths)
100737 | Zot:1    | Entered Level 1 of the Realm of Zot
101214 | Depths:5 | Lost strength.
102906 | Depths:5 | Learned a level 6 spell: Poison Arrow
104695 | Zot:1    | Got a pitted ring mail
104696 | Zot:1    | Identified the +3 ring mail of the Pirate {rC+ Str-3 Dex+4
                  | Slay+6} (You found it on level 1 of the Realm of Zot)
105045 | Depths:5 | Got a pair of encrusted gloves
105046 | Depths:5 | Identified the +0 pair of gloves of Restlessness {+Blink
                  | rC+ rCorr Dex+2} (You acquired it on level 5 of the Depths)
105132 | Zot:2    | Reached skill level 15 in Ice Magic
105132 | Zot:2    | Reached skill level 10 in Armour
105524 | Zot:2    | Reached skill level 1 in Evocations
105525 | Zot:2    | HP: 6/164 [storm dragon/bolt of lightning (3)]
105525 | Zot:2    | Annihilated by a purple draconian

Levels and vault maps discovered:
D:1:      mushboom_english_gardens, layout_loops_cross
D:2:      layout_basic
D:3:      layout_rooms
D:4:      layout_loops_ring, minmay_temple_entry_statues_pillars, uniq_pikel
D:5:      layout_basic, serial_glass, glass_columns_a, glass_columns_a,
          first_ration
D:6:      kennysheep_big_flooded_room, layout_rooms, basic_altar
D:7:      minmay_thinvault, layout_gridville
D:8:      layout_loops_cross, grunt_temple_overflow_open
D:9:      layout_basic, lair_entry_dummy, chequers_garden
D:10:     layout_gridville, special_room [special_room_orc]
D:11:     layout_rooms, basic_altar
D:12:     layout_basic, erik_orc_4, serial_ice, serial_ice_c, serial_ice_f,
          serial_ice_h, serial_ice_d, serial_ice_l, gauntlet_entry_generic
D:13:     layout_rooms, hangedman_vaults_entry_quadrant_bands, special_room
          [special_room_orc]
D:14:     layout_rooms, special_room [special_room_bee], grunt_ogre_cave,
          uniq_agnes
D:15:     grunt_enter_depths_giant_problem, layout_layer_cave,
          minmay_misc_feat_pillars, minmay_sticks_and_stones
Temple:   dpeg_five_rooms_temple
Lair:1:   layout_layer_cave, serial_bayou_pond_c, beast_lair_carwin_3,
          lemuel_fruit_fields, grunt_megastairs_3, lemuel_fruit_fields,
          infiniplex_staircase_pool
Lair:2:   layout_misc_corridors, elwin_shoals_entry_rocks
Lair:3:   beast_lair_carwin_large_3, layout_regular_city, dummy_snake_entry,
          grunt_forest_small_clearings, infiniplex_staircase_pool_2,
          grunt_megastairs_2
Lair:4:   layout_hall_layers, beast_lair_carwin_9
Lair:5:   layout_roguey [special_room_mythical_zoo], guppyfry_lair_drakes,
          serial_bayou_shore_b, serial_bayou_shore_b, grunt_megastairs_4
Lair:6:   evilmike_catoblepas_cave, layout_gridlike,
          nicolae_slime_entry_slimehenge, uniq_kirke, uniq_rupert
Shoals:1: layout_shoals
Shoals:2: layout_shoals, serial_shops, bzr_in_the_mist
Shoals:3: layout_shoals, nicolae_shoals_aquamancer_cove, uniq_ilsuiw
Shoals:4: shoals_end_simple, layout_shoals, uniq_polyphemus, uniq_aizul
Snake:1:  layout_cave_pods
Snake:2:  layout_onion_interference, minmay_shop_grove, serial_bayou_shore_b
Snake:3:  layout_cave_shapes, nicolae_snake_salamander_stairs, lemuel_fruit_tree
Snake:4:  snake_pit, layout_cave_shapes, uniq_vashnia
Slime:1:  layout_caves, basic_altar
Slime:2:  layout_caves
Slime:3:  layout_caves
Slime:4:  layout_caves, nicolae_slime_phagocytosis
Slime:5
Orc:1:    lemuel_ogre_cave, layout_diamond_mine, serial_shops, shop
Orc:2:    st_orc_ogre_mass, layout_caves, nicolae_volcano_entry_two_sided,
          uniq_josephine, uniq_snorg
Elf:1:    eino_elf_arrival_shootout, layout_onion_city, serial_shops,
          nicolae_shop_trees, portal_desolation_entry_holy_temple, basic_altar,
          uniq_louise, uniq_frances
Elf:2:    layout_geoelf_diagonals, portal_ice_cave_entry_pillars_four
Elf:3:    minmay_elf_hall_curves, layout_rooms, st_stairs_5, uniq_asterion
Vaults:1: hangedman_vaults_snaps, v_misc_23, v_misc_29,
          ontoclasm_vaults_misaligned, v_rooms_6, nicolae_vaults_specimen_jars,
          layout_vaults_omnigrid, uniq_nikola
Vaults:2: grunt_vaults_bifocal, hangedman_vaults_slither,
          ontoclasm_vaults_gateway, nicolae_vaults_alarming,
          ontoclasm_vaults_shout, v_misc_19, v_misc_18,
          vaults_mumra_chevron_long, grunt_vaults_hallway_long, v_misc_29,
          vaults_room_door_hall, vaults_room_door_hall,
          minmay_crypt_entry_simple_corners, vaults_dpeg_encased_lava,
          layout_vaults_omnibox, serial_shops, shop
Vaults:3: nicolae_vaults_little_squares_2, vaults_room_semicircle,
          nicolae_vaults_network_barrier, v_misc_11, v_misc_11,
          ontoclasm_vaults_bender, nicolae_vaults_shelves_hall,
          nicolae_vaults_little_ls, grunt_vaults_hallway_long,
          ontoclasm_vaults_pinch, hangedman_vaults_capsules,
          ontoclasm_vaults_chip, nicolae_vaults_big_ls, layout_vaults_omnicross,
          serial_shops, shop, nicolae_trove_entry_path_of_doom
Vaults:4: nicolae_vaults_little_squares_1, v_misc_3, vaults_room_grid,
          vaults_standard_mumra_x, nicolae_vaults_quadrants, v_misc_10,
          vaults_dpeg_doors, serial_ice_m, vaults_mumra_lcd, v_pattern_3,
          hangedman_vaults_slice, layout_vaults_maze_snakey
Vaults:5: serial_shops, uniq_jory
Crypt:1:  layout_rooms, hangedman_summoners_spam, uniq_sojobo
Depths:1: layout_cave_pools, serial_column_ruins, column_ruins_portal_island,
          column_ruins_circle_small, column_ruins_open_tiny,
          column_ruins_grid_4, column_ruins_grid_3, column_ruins_grid_1,
          column_ruins_columns_straight, abyss_entry, hex_medium, hell_entry,
          serial_bayou_lagoon_b
Depths:2: hangedman_crystal_crosses_colossus [crystal_crosses_arms_four,
          crystal_crosses_arms_four, crystal_crosses_arms_two,
          crystal_crosses_arms_one], hell_entry
Depths:3: minmay_guarded_unrand_sceptre_of_torment, layout_gridville,
          minmay_staircase_windowed_large, hell_entry, rand_demon_pan_entry_5,
          dispersion_dpeg
Depths:4: constructs_gauntlet_mu_hangedman, layout_cave_pools, abyss_entry,
          hell_entry, serial_bayou_shore_b, uniq_margery
Depths:5: grunt_zot_entry_gee_three, layout_basic, enter_ziggurat_a,
          lightli_too_deep, minmay_shoptagon
Zot:1:    minmay_elemental_castle, layout_onion_interference
Zot:2:    layout_misc_corridors, evilmike_ambush [evilmike_ambush_outer_pillars,
          evilmike_ambush_inner_cross]

Skill      XL: |  1  2  3  4  5  6  7  8  9 10 11 12 13 14 15 16 17 18 19 20 21 22 23 24 25 26 |
---------------+-------------------------------------------------------------------------------+-----
Conjurations   | 2 3 5 6 7 8 12 13 16 18 19 20 22 24 | 24.0
Fire Magic     | 4 5 6 8 12 15 18 20 | 20.0
Spellcasting   | 4 5 7 9 12 14 17 18 20 | 20.0
Fighting       | 1 4 7 9 10 13 15 16 | 16.7
Dodging        | 6 10 15 | 15.2
Poison Magic   | 7 8 |  8.5
Shields        | 4 8 12 13 15 | 15.4
Stealth        | 5 |  5.0
Earth Magic    | 9 |  9.0
Ice Magic      | 2 8 12 15 | 15.4
Charms         | 8 |  8.1
Air Magic      | 4 8 |  8.0
Armour         | 3 10 | 10.4
Evocations     | 2 |  2.3

Action                   |  1- 3 |  4- 6 |  7- 9 | 10-12 | 13-15 | 16-18 | 19-21 | 22-24 | 25-27 || total
-------------------------+-------+-------+-------+-------+-------+-------+-------+-------+-------++-------
Melee: Unarmed           |     2 |       |       |       |       |       |       |       |       ||     2
       Dagger            |     1 |       |       |       |       |       |       |       |       ||     1
       Falchion          |       |       |    13 |       |       |       |       |       |       ||    13
       War axe           |       |       |    32 |    55 |       |       |       |       |       ||    87
       Staff             |       |       |       |    30 |   107 |    12 |    51 |    34 |     2 ||   236
 Cast: Flame Tongue      |    58 |   100 |   176 |    11 |     3 |       |       |       |       ||   348
       Throw Flame       |       |     3 |    26 |   459 |   618 |   337 |   229 |    81 |       ||  1753
       Sticky Flame      |       |     2 |    22 |    64 |   144 |    65 |   154 |    89 |    15 ||   555
       Conjure Flame     |       |     1 |     3 |     3 |     8 |     1 |       |       |       ||    16
       Fireball          |       |       |     3 |    45 |    85 |   187 |   167 |   125 |   104 ||   716
       Iskenderun's Myst |       |       |       |     6 |    21 |     7 |     1 |     1 |       ||    36
       Olgreb's Toxic Ra |       |       |       |     5 |   104 |    28 |     6 |       |       ||   143
       Bolt of Cold      |       |       |       |       |     9 |   436 |   423 |   352 |   318 ||  1538
       Iron Shot         |       |       |       |       |     2 |     2 |    33 |    19 |    27 ||    83
       Fire Storm        |       |       |       |       |       |       |       |    55 |    22 ||    77
       Deflect Missiles  |       |       |       |       |       |       |       |     4 |     5 ||     9
       Poison Arrow      |       |       |       |       |       |       |       |       |    82 ||    82
       Glaciate          |       |       |       |       |       |       |       |       |     2 ||     2
Evoke: Wand              |       |       |       |     2 |     4 |    27 |     1 |     9 |    12 ||    55
  Use: Scroll            |       |     3 |     1 |    16 |     8 |    14 |     2 |    21 |    19 ||    84
       Potion            |       |       |     1 |     9 |     6 |     8 |     1 |    18 |    11 ||    54
  Eat: Chunk             |     1 |     3 |     9 |    24 |    36 |    22 |    25 |    10 |    16 ||   146
       Ration            |       |     1 |     2 |     5 |     5 |    16 |    12 |    11 |     9 ||    61
Armor: Robe              |     7 |     6 |    22 |    25 |    48 |    32 |    39 |    44 |     9 ||   232
       Skin              |       |       |     7 |     4 |    41 |     9 |       |       |       ||    61
       Leather armour    |       |       |       |       |       |       |       |       |    26 ||    26
Dodge: Dodged            |    21 |    14 |    97 |   254 |   377 |   278 |   421 |   261 |   170 ||  1893
       Deflected         |       |       |       |       |       |       |       |    53 |    23 ||    76
Block: Buckler           |       |       |       |    43 |   114 |   105 |    98 |    77 |       ||   437
       Shield            |       |       |       |       |       |       |       |    23 |   149 ||   172
       Rpst.: Falchion   |       |       |     9 |       |       |       |       |       |       ||     9
